 Dungeon Crawl Stone Soup version 0.22-a0-247-gbddf880 (webtiles) character file.

57 nikopol the Firebug (level 3, -2/19 HPs)
             Began as a Deep Elf Fire Elementalist on Feb 23, 2018.
             Killed from afar by Sigmund (9 damage)
             ... with a puff of flame
             ... on level 2 of the Dungeon.
             The game lasted 00:05:29 (1807 turns).

nikopol the Firebug (Deep Elf Fire Elementalist)    Turns: 1807, Time: 00:05:30

Health: -2/19      AC:  2    Str:  5    XL:     3   Next: 73%
Magic:  10/10      EV: 13    Int: 20    God:
Gold:   65         SH:  0    Dex: 15    Spells: 3/9 levels left

rFire    . . .     SeeInvis .   g - +1 dagger (speed)
rCold    . . .     Gourm    .   (no shield)
rNeg     . . .     Faith    .   a - +0 robe
rPois    .         Spirit   .   (no helmet)
rElec    .         Reflect  .   (no cloak)
rCorr    .         Harm     .   (no gloves)
MR       .....                  (no boots)
Stlth    ++........             (no amulet)
HPRegen  0.06/turn              (no ring)
MPRegen  0.12/turn              (no ring)

@: no status effects
A: no striking features
a: no special abilities


You were on level 2 of the Dungeon.
You were hungry.

You visited 1 branch of the dungeon, and saw 2 of its levels.

You collected 65 gold pieces.

Inventory:

Hand Weapons
 g - a +1 dagger of speed (weapon)
Armour
 a - a +0 robe (worn)
Scrolls
 c - a scroll of enchant weapon {unknown}
 e - 3 scrolls of identify {unknown}
 f - a scroll of fog {unknown}
 h - a scroll of random uselessness {unknown}
 j - a scroll of remove curse {unknown}
Potions
 d - a potion of might {unknown}
 k - a potion of haste {unknown}
 l - a potion of heal wounds {unknown}
 m - a potion of agility {unknown}
Comestibles
 b - 4 rations


   Skills:
 + Level 2.7 Dodging
 + Level 2.7 Stealth
 + Level 3.8 Spellcasting
 + Level 1.7 Conjurations
 + Level 4.2 Fire Magic


You had 3 spell levels left.
You knew the following spells:

 Your Spells              Type           Power        Failure   Level  Hunger
a - Flame Tongue          Conj/Fire      ###..        3%          1    None
b - Throw Flame           Conj/Fire      ###...       6%          2    ##.....
c - Conjure Flame         Conj/Fire      ###.....     12%         3    ###....


Dungeon Overview and Level Annotations

Branches:
Dungeon (2/15)

Altars:

Annotations:
D:2 Sigmund


Message History

You are confused.
You bump into the rock wall.
You feel less confused. Sigmund casts a spell at you.
You resist with some effort.
Sigmund points at you and mumbles some strange words.
You are confused.
You bump into the rock wall.
Sigmund gestures wildly while chanting.
Sigmund flickers and vanishes!
Deactivating autopickup; reactivate with Ctrl-A.
You bump into the rock wall.
You are feeling hungry.
You feel less confused.
A puff of flame appears from out of thin air!
The puff of flame hits you!
Ouch! That really hurt!
A puff of flame appears from out of thin air!
The puff of flame hits you!
You die...

##################
#........##......#
###........##......####
#######
#>..........+......'..#
.......
#.#........##......##.#
......##.#........#######.....
.........#.............##)....
###......###.#+###.#.#.##.....
#......#...@.....#.#.##.....
#..)......##.#####.........#
#.....†...##.# #.....#+###
#............# ###.#.# #
####......#### #.#.#....
#......###### #.#.##.##
#...........## #.#....##
#..<..(.....'. ..... ...
#...........## #.#####..


There were no monsters in sight!

Vanquished Creatures
  An ooze (D:1)
  9 goblins
  4 hobgoblins
  8 jackals
  5 kobolds (D:1)
  A quokka (D:2)
  A ball python (D:2)
  6 bats (D:1)
  6 frilled lizards
  7 rats
48 creatures vanquished.

Notes
Turn   | Place    | Note
-------+----------+-------------------------------------------
     0 | D:1      | nikopol the Deep Elf Fire Elementalist began the quest for the Orb.
     0 | D:1      | Reached XP level 1. HP: 10/10 MP: 6/6
   372 | D:1      | Reached XP level 2. HP: 15/15 MP: 6/8
   776 | D:1      | Learned a level 2 spell: Throw Flame
   784 | D:1      | Reached skill level 4 in Fire Magic
   932 | D:1      | Reached XP level 3. HP: 19/19 MP: 6/10
   937 | D:1      | Learned a level 3 spell: Conjure Flame
  1783 | D:2      | Noticed Sigmund
  1807 | D:2      | Killed from afar by Sigmund

Vault maps used:
D:1:      dpeg_arrival_morbid_curiosity
D:2:      minmay_diamond_boxcup, first_ration, uniq_sigmund

Skill      XL: |  1  2 |
---------------+-------+-----
Fire Magic     | 4 |  4.2
Dodging        | |  2.7
Stealth        | |  2.7
Spellcasting   | |  3.8
Conjurations   | |  1.7

Action                   || total
-------------------------++-------
 Cast: Flame Tongue      ||    82
  Eat: Chunk             ||     2
Armor: Robe              ||     9
Dodge: Dodged            ||    27

Table legend:
 A = Spawn XP
 B = Non-spawn XP
 C = Spawn XP percentage of total XP
 D = Spawn monster count
 E = Non-spawn monster count
 F = Spawn count percentage of total count
 G = Total turns spent on level
                    A         B        C        D         E        F      G
               +---------+---------+-------+---------+---------+-------+---------
         Total |       0 |      82 |   0.0 |       0 |      48 |   0.0 |  1807
               +---------+---------+-------+---------+---------+-------+---------
           D:1 |       0 |      65 |   0.0 |       0 |      38 |   0.0 |  1415
           D:2 |       0 |      17 |   0.0 |       0 |      10 |   0.0 |   392
               +---------+---------+-------+---------+---------+-------+---------
